 Dungeon Crawl Stone Soup version 0.28.0-43-g3370ac3207 (webtiles) character file.

Game seed: 15735415402426126098

8084 protoss039 the Eclecticist (level 11, -1/60 HPs)
             Began as a Deep Elf Earth Elementalist on Mar 20, 2022.
             Was a Believer of Sif Muna.
             Shot with an arrow by a centaur warrior (21 damage)
             ... on level 10 of the Dungeon.
             The game lasted 00:21:01 (11826 turns).

protoss039 the Eclecticist (DEEE)                  Turns: 11826, Time: 00:21:01

Health: -1/60      AC: 13    Str:  5    XL:     11   Next: 5%
Magic:  14/32      EV: 17    Int: 25    God:    Sif Muna [**....]
Gold:   554        SH:  0    Dex: 15    Spells: 25/40 levels left

rFire   . . .      SeeInvis .   l - +2 quarterstaff (chaos)
rCold   . . .      Faith    .   (shield currently unavailable)
rNeg    . . .      Spirit   .   E - +0 steam dragon scales
rPois   +          Reflect  .   q - +0 helmet
rElec   .          Harm     .   m - +2 cloak {rPois}
rCorr   .          Rampage  .   v - +2 pair of gloves
Will    +....                   e - +0 pair of boots
Stlth   ++........              (no amulet)
HPRegen 0.20/turn               i - +4 ring of evasion
MPRegen 0.23/turn               (no ring)

@: about to teleport
A: no striking features
a: Renounce Religion, Channel Magic


You were on level 10 of the Dungeon.
You worshipped Sif Muna.
Sif Muna was pleased with you.
You visited 2 branches of the dungeon, and saw 11 of its levels.

You collected 554 gold pieces.

Inventory:

Hand Weapons
 k - the +7 mace of Pegysk {drain, Will+ rCorr Str-5 Int+3}
   (You found it on level 2 of the Dungeon)

   A truly terrible weapon, it drains the life of any living foe it strikes.
   Str:       It affects your strength (-5).
   Int:       It affects your intelligence (+3).
   rCorr:     It protects you from acid and corrosion.
   Will:      It increases your willpower.
 l - a +2 quarterstaff of chaos (weapon)
 n - the +5 dagger "Qublipt" {vorpal, rN+ Int-2 Stlth+}
   (You found it on level 4 of the Dungeon)

   It inflicts extra damage upon your enemies.
   Int:       It affects your intelligence (-2).
   rN:        It protects you from negative energy.
   Stlth:     It makes you more stealthy.
Missiles
 c - 270 stones
Armour
 e - a +0 pair of boots (worn)
 j - a +1 robe of fire resistance
 m - a +2 cloak of poison resistance (worn)
 q - a +0 helmet (worn)
 v - a +2 pair of gloves (worn)
 E - +0 steam dragon scales (worn)
Jewellery
 i - a +4 ring of evasion (left hand)
 H - the amulet of the Air {Inacc Air Fly rElec RMsl}
   (You found it on level 10 of the Dungeon)

   [amulet of nothing]

   It reduces the accuracy of all your attacks.
   It enhances your air magic.
   rElec:     It insulates you from electricity.
   Fly:       It grants you flight.
   RMsl:      It protects you from missiles.
 J - an amulet of magic regeneration
Wands
 s - a wand of polymorph (10)
 y - a wand of iceblast (10)
 A - a wand of mindburst (15)
 C - a wand of charming (7)
 I - a wand of flame (10)
Scrolls
 a - a scroll of amnesia
 b - 5 scrolls of teleportation
 f - a scroll of identify
 g - a scroll of vulnerability {unknown}
 h - a scroll of fear
 t - 3 scrolls of blinking
 w - 3 scrolls of noise {unknown}
 z - 2 scrolls of fog {unknown}
 F - a scroll of magic mapping {unknown}
 G - a scroll of enchant weapon {unknown}
Potions
 d - 2 potions of magic
 o - 3 potions of might
 p - 3 potions of curing
 r - a potion of haste {unknown}
 u - 3 potions of lignification
 x - a potion of mutation {unknown}
 B - 2 potions of heal wounds
 D - 3 potions of flight {unknown}


   Skills:
 * Level 3.6 Fighting
 - Level 3.0 Dodging
 - Level 3.0 Stealth
 + Level 15.3 Spellcasting
 - Level 6.0 Conjurations
 + Level 3.0 Transmutations
 * Level 2.3 Air Magic
 - Level 9.0 Earth Magic
 * Level 5.4 Invocations


You had 25 spell levels left.
You knew the following spells:

 Your Spells              Type           Power      Damage    Failure   Level
a - Sandblast             Erth           100%       2d20      1%          1
b - Passwall              Tmut/Erth      40%        N/A       1%          2
c - Stone Arrow           Conj/Erth      100%       3d13      1%          3
d - Petrify               Tmut/Erth      49%        N/A       2%          4
e - Lightning Bolt        Conj/Air       20%        1d35      14%         5

Your spell library contained the following spells:

 Spells                   Type           Power      Damage    Failure   Level
 Static Discharge         Conj/Air       40%        N/A       1%          2
 Corpse Rot               Necr/Air       50%        N/A       2%          2
 Poisonous Vapours        Pois/Air       50%        N/A       2%          2
 Conjure Flame            Conj/Fire      34%        6-21      2%          3
 Blink                    Tloc           38%        N/A       4%          2
 Ignite Poison            Fire/Tmut/Pois 24%        N/A       5%          3
 Tukima's Dance           Hex            19%        N/A       9%          3
 Sticky Flame             Conj/Fire      34%        2d5       9%          4
 Passage of Golubria      Tloc           19%        N/A       28%         4
 Yara's Violent Unravell  Hex/Tmut       13%        3d7       38%         5
 Manifold Assault         Tloc           19%        N/A       61%         5
 Storm Form               Tmut/Air       16%        N/A       100%        7
 Maxwell's Capacitive Co  Air            15%        ∞         100%        8


Dungeon Overview and Level Annotations

Branches:
Dungeon (10/15)            Temple (1/1) D:7             Orc (0/2) D:9
   Lair: D:8-11

Altars:
Ashenzari
Cheibriados
Dithmenos
Elyvilon
Fedhas
Gozag
Hepliaklqana
Kikubaaqudgha
Makhleb
Nemelex Xobeh
Okawaru
Qazlal
Ru
Sif Muna
Trog
Uskayaw
Vehumet
Wu Jian
Xom
Yredelemnul
Zin
The Shining One

Shops:
D:1 (

Annotations:
D:9 2 transporters, mandor's ghost, journeyman VSCj


Message History

Confirm with . or Enter, or press ? or * to list all spells.
Aiming: Stone Arrow (safe; 1% risk of failure)
Press: ? - help, Shift-Dir - straight line, f/p - tengu warrior
Aim: a tengu warrior, wielding a +0 quarterstaff, wearing a +0 leather armour and quivering stones (almost dead, 58% to hit)
The stone arrow hits the tengu warrior!
You kill the tengu warrior!
Sif Muna accepts your kill.
You have reached level 11!
A centaur warrior comes into view. It is wielding a +0 flail.
The centaur warrior shouts!
You hear an angry buzzing noise.
You hear a shout!
The centaur warrior unwields a +0 flail.
The centaur warrior wields a +0 shortbow.
The centaur warrior shoots an arrow.
The arrow hits you but does no damage.
The centaur warrior shoots an arrow.
The arrow hits you.
Casting: Stone Arrow (safe; 1% risk of failure)
Confirm with . or Enter, or press ? or * to list all spells.
Aiming: Stone Arrow (safe; 1% risk of failure)
Press: ? - help, Shift-Dir - straight line, f - centaur warrior
Aim: a centaur warrior, wielding a +0 shortbow, wearing a +0 robe and quivering arrows (84% to hit)
The stone arrow hits the centaur warrior.
The centaur warrior is lightly wounded.
A killer bee comes into view.
The killer bee moves out of view.
Casting: Stone Arrow (safe; 1% risk of failure)
Confirm with . or Enter, or press ? or * to list all spells.
Aiming: Stone Arrow (safe; 1% risk of failure)
Press: ? - help, Shift-Dir - straight line, f/p - centaur warrior
Aim: a centaur warrior, wielding a +0 shortbow, wearing a +0 robe and quivering arrows (lightly wounded, 84% to hit)
The stone arrow hits the centaur warrior!!
The centaur warrior is heavily wounded.
The centaur warrior shoots an arrow.
The arrow misses you.
The centaur warrior shoots an arrow.
The arrow hits you!!
Unknown command.
Okay, then.
Okay, then.
As you read the scroll of teleportation, it crumbles to dust.
You feel strangely unstable.
The gnoll sergeant shouts!
The centaur warrior shoots an arrow.
The arrow hits you!!
You die...

..........#..........
..........#............
.....#....'.......###.
.....#....#.......##.
.....#....#.......#.
.....#....#######.c. ..
.....#.........#..#. #.#
###+#######....#y.# ...
...............#@.# #.#
...............#..#...
......(........#..#.#
...............#....# ..
.##########....#..#.#
#.#
..........######..#[)...
.......[..#.......# #.#
..........#.......#...g.
..........#.......#.# #.


You could see a centaur warrior, a gnoll sergeant and a killer bee.

Vanquished Creatures
  A hydra (D:10)
  A two-headed ogre (D:10)
  A tengu warrior (D:10)
  A troll (D:8)
  Grinder (D:5)
  A shadow (D:8)
  5 yaks (D:8)
  A steam dragon (D:9)
  2 acid dragons
  A swamp drake (D:9)
  5 water moccasins
  A black bear (D:8)
  2 necrophages
  A sky beast (D:6)
  4 orc warriors
  3 ogres
  2 centaurs (D:8)
  A phantom (D:5)
  Blork the orc (D:6)
  3 kobold brigands
  A bullfrog (D:7)
  2 gnoll sergeants
  2 scorpions
  10 killer bees (D:9)
  8 wights
  4 howler monkeys
  A bullfrog zombie (D:5)
  2 centaur zombies
  2 bullfrog skeletons
  2 jellies
  Crazy Yiuf (D:2)
  A centaur skeleton (D:5)
  4 hounds
  2 orc priests
  A gnoll shaman (D:9)
  Jessica (D:2)
  3 iguanas
  7 orc wizards
  A killer bee zombie (D:7)
  A howler monkey zombie (D:5)
  Robin (D:4)
  11 gnolls
  2 howler monkey skeletons (D:5)
  An adder (D:2)
  A shadow imp (D:5)
  A white imp (D:7)
  3 worms
  2 dart slugs (D:2)
  29 orcs
  2 ball pythons (D:2)
  4 endoplasms
  3 giant cockroaches
  16 goblins
  7 hobgoblins
  6 jackals
  3 quokkas
  12 bats
  3 frilled lizards
  15 kobolds
  3 rats
219 creatures vanquished.

Vanquished Creatures (others)
  12 fungi (D:5)
  2 plants (D:2)
14 creatures vanquished.

Grand Total: 233 creatures vanquished

Notes
Turn   | Place    | Note
-------+----------+-------------------------------------------
     0 | D:1      | protoss039 the Deep Elf Earth Elementalist began the quest
                  | for the Orb.
     0 | D:1      | Reached XP level 1. HP: 10/10 MP: 6/6
   109 | D:1      | Found Doawka Ibro's Weapon Shop.
   282 | D:1      | Reached XP level 2. HP: 15/15 MP: 6/8
   369 | D:1      | You fall into a shaft and drop 1 floor!
   496 | D:2      | Noticed Jessica
   503 | D:2      | Killed Jessica
   504 | D:2      | Reached XP level 3. HP: 12/19 MP: 6/10
   638 | D:2      | Found a faded altar of an unknown god.
   878 | D:2      | Learned a level 2 spell: Passwall
   882 | D:2      | Learned a level 3 spell: Stone Arrow
  1112 | D:2      | Reached skill level 4 in Spellcasting
  1439 | D:2      | Found a runed translucent door.
  1442 | D:2      | Noticed Crazy Yiuf
  1444 | D:2      | Identified the +7 mace of Pegysk {drain, Will+ rCorr Str-5
                  | Int+3}
  1505 | D:2      | Reached XP level 4. HP: 24/24 MP: 9/12
  1837 | D:2      | Killed Crazy Yiuf
  2069 | D:2      | Learned a level 4 spell: Petrify
  2076 | D:3      | Found a stormy altar of Qazlal.
  2349 | D:3      | Reached skill level 5 in Spellcasting
  2349 | D:3      | Reached XP level 5. HP: 22/28 MP: 9/14
  3001 | D:4      | Identified the +5 dagger "Qublipt" {vorpal, rN+ Int-2
                  | Stlth+}
  3022 | D:4      | Reached skill level 5 in Earth Magic
  3576 | D:4      | Noticed Robin
  3612 | D:4      | Killed Robin
  3696 | D:4      | Noticed an ogre
  3701 | D:4      | Killed an ogre
  3702 | D:4      | Reached skill level 6 in Spellcasting
  3702 | D:4      | Reached skill level 1 in Conjurations
  3702 | D:4      | Reached XP level 6. HP: 32/32 MP: 12/17
  3895 | D:5      | Entered Level 5 of the Dungeon
  4169 | D:5      | Noticed a water moccasin
  4173 | D:5      | Reached skill level 7 in Spellcasting
  4177 | D:5      | Reached XP level 7. HP: 18/36 MP: 7/19
  4485 | D:5      | Reached skill level 8 in Spellcasting
  5089 | D:5      | Noticed Grinder
  5104 | D:5      | Killed Grinder
  5105 | D:5      | Reached XP level 8. HP: 18/41 MP: 9/22
  5308 | D:5      | Reached skill level 9 in Spellcasting
  6196 | D:6      | Reached skill level 10 in Spellcasting
  6799 | D:6      | Noticed Blork the orc
  6806 | D:6      | Killed Blork the orc
  7089 | D:7      | Reached XP level 9. HP: 45/45 MP: 20/25
  7140 | D:7      | Reached skill level 11 in Spellcasting
  7227 | D:7      | Found a staircase to the Ecumenical Temple.
  7351 | Temple   | Entered the Ecumenical Temple
  7648 | Temple   | Became a worshipper of Sif Muna the Loreminder
  8167 | D:7      | Reached skill level 1 in Invocations
  8427 | D:7      | Reached skill level 1 in Fighting
  8549 | D:7      | Learned a level 5 spell: Lightning Bolt
  9039 | D:8      | Reached skill level 12 in Spellcasting
  9069 | D:8      | Noticed a troll
  9080 | D:8      | Killed a troll
  9128 | D:8      | Reached skill level 5 in Conjurations
  9174 | D:8      | Reached XP level 10. HP: 54/54 MP: 5/28
  9892 | D:9      | Reached * piety under Sif Muna
  9896 | D:9      | Reached skill level 13 in Spellcasting
 10406 | D:9      | Found a transporter.
 10494 | D:9      | Reached ** piety under Sif Muna
 10621 | D:9      | Found a transporter.
 10632 | D:9      | Noticed mandor's ghost (journeyman VSCj)
 10632 | D:9      | Identified the +11 giant club "Astreyq" {freeze, rF+ rC-
                  | Str+3 Int+2}
 10632 | D:9      | Noticed a two-headed ogre
 10632 | D:9      | Noticed a two-headed ogre
 10633 | D:9      | Noticed a two-headed ogre
 10633 | D:9      | Noticed a two-headed ogre
 10634 | D:9      | Noticed a two-headed ogre
 10685 | D:9      | Found a staircase to the Orcish Mines.
 10872 | D:9      | Reached skill level 14 in Spellcasting
 11246 | D:10     | Entered Level 10 of the Dungeon
 11247 | D:10     | Found the amulet of the Air {Inacc Air Fly rElec RMsl}
 11521 | D:10     | Noticed a two-headed ogre
 11526 | D:10     | Killed a two-headed ogre
 11527 | D:10     | Reached skill level 1 in Air Magic
 11527 | D:10     | Reached skill level 5 in Invocations
 11569 | D:10     | Noticed a two-headed ogre
 11642 | D:10     | Noticed a five-headed hydra
 11652 | D:10     | Killed a five-headed hydra
 11653 | D:10     | Reached skill level 15 in Spellcasting
 11808 | D:10     | Noticed a tengu warrior
 11822 | D:10     | Killed a tengu warrior
 11823 | D:10     | Reached XP level 11. HP: 41/60 MP: 20/32
 11823 | D:10     | Noticed a centaur warrior
 11826 | D:10     | Shot with an arrow by a centaur warrior

Illustrated notes

Levels and vault maps discovered:
D:1:      amcnicky_arrival_double_pillar, layout_basic, serial_shops, shop
D:2:      layout_basic, ebering_ecumenical_altar_sacrificial,
          serial_bayou_pond_b, uniq_jessica, uniq_crazy_yiuf_cottage
D:3:      layout_basic, grunt_qazlal_sundering, minmay_misc_feat_cross
D:4:      layout_basic, uniq_robin
D:5:      layout_loops_ring, serial_aquarium, aquarium_bridge_long_joined
          [aquarium_subvault_wall, aquarium_subvault_wall,
          aquarium_subvault_bridge, aquarium_subvault_wall,
          aquarium_subvault_wall, aquarium_subvault_wall], aquarium_window_1,
          aquarium_window_corridor_3, aquarium_window_2, aquarium_window_2,
          aquarium_view_4, aquarium_balcony_1b, uniq_grinder
D:6:      layout_cave_pods, minivault_22, grunt_decor_resistance,
          uniq_blork_the_orc
D:7:      minmay_angry_zag, layout_cave_pods, temple_fountains,
          kennysheep_generic_room_5
D:8:      layout_basic, serial_glass, glass_columns_a, glass_columns_b,
          minmay_strange_pillars, due_unseen_surprise
D:9:      layout_loops_ring, erik_orc_1, gammafunk_ghost_smash
D:10:     minmay_the_grid_square_5x5_4x4 [minmay_the_grid_square_5x5_checkered,
          minmay_the_grid_square_5x5_meh, minmay_the_grid_square_5x5_inner_i,
          minmay_the_grid_square_5x5_bite, minmay_the_grid_square_5x5_gyroscope,
          minmay_the_grid_square_5x5_prize_junk,
          minmay_the_grid_square_5x5_prize_itemx,
          minmay_the_grid_square_5x5_intrusive_squares,
          minmay_the_grid_square_5x5_z,
          minmay_the_grid_square_5x5_prize_rear_guard,
          minmay_the_grid_square_5x5_prize_open,
          minmay_the_grid_square_5x5_one_wall,
          minmay_the_grid_square_5x5_bridge,
          minmay_the_grid_square_5x5_eight_small,
          minmay_the_grid_square_5x5_spiral,
          minmay_the_grid_square_5x5_detours], layout_grid_maze, uniq_sonja
Temple:   roderic_octagonal_lattice_temple

Skill      XL: |  1  2  3  4  5  6  7  8  9 10 |
---------------+-------------------------------+-----
Stealth        | 3 |  3.0
Earth Magic    | 4 5 6 7 8 9 |  9.0
Spellcasting   | 4 5 6 7 8 10 12 15 | 15.3
Dodging        | 3 |  3.0
Conjurations   | 1 2 3 5 6 |  6.0
Transmutations | 2 3 |  3.0
Invocations    | 3 5 |  5.4
Fighting       | 2 3 |  3.6
Air Magic      | 2 |  2.3

Action                   |  1- 3 |  4- 6 |  7- 9 | 10-12 || total
-------------------------+-------+-------+-------+-------++-------
Melee: Unarmed           |    11 |       |       |       ||    11
       Short sword       |    19 |    10 |       |       ||    29
       Quarterstaff      |       |    95 |    32 |     2 ||   129
 Cast: Sandblast         |    31 |    28 |    46 |    51 ||   156
       Stone Arrow       |     1 |     9 |    82 |    67 ||   159
       Passwall          |       |       |     9 |       ||     9
  Use: Scroll            |       |     6 |       |     6 ||    12
 Stab: Sleeping          |     7 |     5 |       |       ||    12
       Paralysed         |       |     3 |       |       ||     3
       Petrifying        |       |     1 |       |       ||     1
Armor: Robe              |    13 |    37 |    20 |       ||    70
       Steam dragon scal |       |       |       |    18 ||    18
Dodge: Dodged            |    23 |   114 |    60 |    28 ||   225
